 Dungeon Crawl Stone Soup version 0.29-a0-409-gd843f3a48c (webtiles) character file.

Game seed: 3953656345473241759

46018 Lekart the Warrior (level 14, -4/135 HPs)
             Began as a Green Draconian Chaos Knight on May 13, 2022.
             Was a Plaything of Xom.
             Slain by a phantasmal warrior (24 damage)
             ... on level 13 of the Dungeon.
             The game lasted 00:42:15 (19668 turns).

Lekart the Warrior (Green Draconian Chaos Knight)  Turns: 19668, Time: 00:42:16

Health: -4/135     AC: 16    Str: 20    XL:     14   Next: 3%
Magic:  14/14      EV: 17    Int: 13    God:    Xom [...*..]
Gold:   1193       SH:  0    Dex: 18    Spells: 13/13 levels left

rFire   + + .      SeeInvis +   m - +7 great mace "Firestarter" {inner flame, rF++}
rCold   . . .      Faith    .   (shield currently unavailable)
rNeg    + . .      Spirit   .   (body armour unavailable)
rPois   +          Reflect  .   (helmet restricted)
rElec   .          Harm     .   s - +1 cloak
rCorr   +          Rampage  .   e - +2 pair of gloves
Will    +....                   k - +2 pair of boots
Stlth   +++.......              (no amulet)
HPRegen 0.32/turn               j - ring of positive energy
MPRegen 0.14/turn               u - ring of resist corrosion

@: about to teleport, flying
A: breathe noxious fumes, AC +8, unfitting armour, stinger 1, poison resistance,
cold-blooded, big wings, hooves 1, camouflage 1, see invisible, agile 2, sense
surroundings 1, strong 2
a: Breathe Noxious Fumes, Renounce Religion


You were on level 13 of the Dungeon.
You worshipped Xom.
You were a favourite toy of Xom.
You visited 2 branches of the dungeon, and saw 15 of its levels.

You collected 1193 gold pieces.

Inventory:

Hand Weapons
 a - a +2 falchion of chaos
 m - the +7 great mace "Firestarter" (weapon) {inner flame, rF++}
   (You found it on level 11 of the Dungeon)

   It burns those it strikes, dealing additional fire damage.
   It fills those it strikes with an explosive inner flame.
   It grants immunity to clouds of flame.
   rF:        It greatly protects you from fire.
 q - a +2 scimitar of flaming
 v - a +5 scimitar
 y - a +2 falchion of holy wrath
 z - a +5 long sword of freezing
Missiles
 x - 2 javelins (quivered)
Armour
 e - a +2 pair of gloves (worn)
 k - a +2 pair of boots (worn)
 s - a +1 cloak (worn)
 D - a +2 kite shield
Jewellery
 g - a +6 ring of intelligence
 j - a ring of positive energy (left hand)
 u - a ring of resist corrosion (right hand)
 F - an amulet of faith
Wands
 r - a wand of digging (12)
 t - a wand of paralysis (3)
 A - a wand of charming (6)
Scrolls
 d - 2 scrolls of magic mapping
 i - 6 scrolls of teleportation
 n - 3 scrolls of amnesia
 o - a scroll of poison
 w - 3 scrolls of identify
 B - 4 scrolls of fog
Potions
 c - 2 potions of brilliance
 f - 2 potions of attraction
 h - 5 potions of curing
 l - 3 potions of haste
Miscellaneous
 b - a piece from Xom's chessboard (3/15)


   Skills:
 - Level 15.0 Fighting
 - Level 10.1 Long Blades
 + Level 10.2 Maces & Flails
 - Level 9.1 Dodging
 - Level 11.2 Shields


You had 13 spell levels left.
You didn't know any spells.
Your spell library contained the following spells:

 Spells                   Type           Power      Damage    Failure   Level
 Animate Skeleton         Necr           0%         N/A       30%         1
 Apportation              Tloc           0%         N/A       30%         1
 Foxfire                  Conj/Fire      0%         2x1d4     30%         1
 Magic Dart               Conj           0%         1d3       30%         1
 Sandblast                Erth           0%         2d4       30%         1
 Sting                    Tmut/Pois      0%         1d3       30%         1
 Summon Small Mammal      Summ           0%         N/A       30%         1
 Passwall                 Tmut/Erth      0%         N/A       43%         2
 Searing Ray              Conj           0%         2d4       43%         2
 Static Discharge         Conj/Air       0%         N/A       43%         2
 Call Canine Familiar     Summ           0%         N/A       67%         3
 Conjure Flame            Conj/Fire      0%         6-21      67%         3
 Gell's Gravitas          Tloc           0%         N/A       67%         3
 Ignite Poison            Fire/Tmut/Pois 0%         N/A       67%         3
 Inner Flame              Hex/Fire       0%         N/A       67%         3
 Portal Projectile        Hex/Tloc       0%         N/A       67%         3
 Stone Arrow              Conj/Erth      0%         3d7       67%         3
 Teleport Other           Tloc           0%         N/A       67%         3
 Cause Fear               Hex            0%         N/A       97%         4
 Flame Wave               Conj/Fire      0%         2d4       97%         4
 Fulminant Prism          Conj/Hex       0%         3d6       97%         4
 Leda's Liquefaction      Hex/Erth       0%         N/A       97%         4
 Olgreb's Toxic Radiance  Pois           0%         N/A       97%         4
 Petrify                  Tmut/Erth      0%         N/A       97%         4
 Sticky Flame             Conj/Fire      0%         2d3       97%         4
 Fireball                 Conj/Fire      0%         3d3       100%        5
 Lightning Bolt           Conj/Air       0%         1d11      100%        5
 Metabolic Englaciation   Hex/Ice        0%         N/A       100%        5
 Dispersal                Tloc           0%         N/A       100%        6
 Starburst                Conj/Fire      0%         6d3       100%        6
 Statue Form              Tmut/Erth      0%         N/A       100%        6
 Dragon Form              Tmut           0%         N/A       100%        7
 Ozocubu's Refrigeration  Ice            0%         4d5       100%        7
 Ignition                 Fire           0%         3d3       100%        8
 Maxwell's Capacitive Co  Air            0%         ∞         100%        8
 Dragon's Call            Summ           0%         N/A       100%        9


Dungeon Overview and Level Annotations

Branches:
Dungeon (14/15)            Temple (0/1) D:7            Lair (0/6) D:11
    Orc (1/2) D:11         Vaults (0/5) D:13

Altars:
Ashenzari
Dithmenos
Elyvilon
Hepliaklqana
Kikubaaqudgha
Okawaru
Trog
Uskayaw
Vehumet
Xom
The Shining One

Shops:
D:2 (   D:13 *   Orc:1 :

Annotations:
D:3 1 runed translucent door, Troll's ghost, amateur DsGl
D:4 exclusion: downstairs
D:6 2 transporters, exclusion: downstairs, stillor's ghost, novice OpTm


Innate Abilities, Weirdness & Mutations

You can breathe blasts of noxious fumes.
Your lurid green scales are hard. (AC +8)
You cannot fit into any form of body armour.
Your tail ends in a venomous barb.
Your system is resistant to poisons. (rPois)
You are cold-blooded and may be slowed by cold attacks.
Your large and strong wings let you fly.
You have large cloven feet.
Your skin changes colour to match your surroundings (Stealth+).
You have supernaturally acute eyesight. (SInv)
You are very agile. (Dex +4)
You passively map a small area around you.
Your muscles are very strong. (Str +4)


Message History

The fiery explosion engulfs you! You resist.
* * * LOW HITPOINT WARNING * * *
The fiery explosion engulfs the phantasmal warrior!
The phantasmal warrior is moderately damaged.
You hear an angry hiss. x2
The phantasmal warrior is engulfed in blazing flames.
The phantasmal warrior closely misses you.
Your piece from Xom's chessboard (3/15) has regained one charge.
The phantasmal warrior attacks as you move away!
The phantasmal warrior barely misses you.
The phantasmal warrior gestures at you.
The phantasmal warrior blinks!
The cyclops is engulfed in blazing flames.
The phantasmal warrior is engulfed in blazing flames.
The cyclops is engulfed in blazing flames.
There is an escape hatch in the ceiling, spattered with blood here.
The phantasmal warrior hits you!
* * * LOW HITPOINT WARNING * * *
A mysterious force pulls you upwards.
The hatch slams shut behind you. "See what I see, my child!"
You detect creatures!
Okay, then.
You feel better. The phantasmal warrior hits you!
* * * LOW HITPOINT WARNING * * *
The cyclops barely misses you.
Blink to where?
Press: ? - help, Dir - move target
As you read the scroll of blinking, it crumbles to dust.
As you read the scroll of teleportation, it crumbles to dust.
You feel strangely unstable. The phantasmal warrior gestures at you.
The phantasmal warrior blinks!
You closely miss the phantasmal warrior.
The phantasmal warrior is severely damaged.
The phantasmal warrior hits you but does no damage.
You sock the phantasmal warrior! You burn the phantasmal warrior.
The phantasmal warrior is filled with an inner flame.
The phantasmal warrior is almost destroyed.
The phantasmal warrior hits you!!
You die...

###.##....[..##.#.######.##.##.
#.#...##?[.##...#.........#....
###.#.....###.....########..####.
#...#.##.......##.# #.......
....#...##...##...###### #..)....
#...#.....###C....#....# ####.)..
###.#.##.......##.#....# ##.###
..).#...##...##W..#....# #..[#
..#.#.....###...@.#....# #...#
..).##...........##....# #...#
.....###..(....###.....# #.).#
..###.#####'####.......# #...#
..###.#......#.......#######...##
....#.#.....##.#....<............
.##.#.#..........................
......#.....##.#..#..............
###.###.....##.#.)..).######...##


You could see a cyclops and a phantasmal warrior (inner flame).

Vanquished Creatures
  An ettin (D:14)
  A fire dragon (D:11)
  Erolcha (D:13)
  A hydra (D:13)
  3 centaur warriors (D:13)
  2 vault guards (D:13)
  An ogre mage (D:13)
  2 death yaks (D:11)
  5 two-headed ogres
  A skeletal warrior (D:10)
  A wizard (D:13)
  A necromancer (D:13)
  4 cyclopes
  A smoke demon (D:11)
  2 kobold demonologists
  3 unseen horrors
  An unseen horror (shapeshifter) (D:6)
  An efreet (D:13)
  A komodo dragon (D:12)
  A yaktaur (D:13)
  6 trolls
  2 hornets
  6 slime creatures
  Eustachio (D:6)
  5 wraiths
  4 fire elementals (D:11)
  15 yaks
  2 wyverns
  A basilisk (D:12)
  17 humans (D:13)
  5 steam dragons
  4 vampire mosquitoes (D:10)
  Menkaure (D:6)
  3 acid dragons
  A water moccasin (D:9)
  2 floating eyes (D:13)
  5 orc warriors
  An ice beast (D:7)
  2 sky beasts (D:8)
  A black bear (D:5)
  5 centaurs (D:13)
  4 kobold brigands
  A lemure (D:6)
  3 gnoll sergeants
  5 bullfrogs
  A necrophage (D:5)
  2 scorpions (D:8)
  18 wights
  19 killer bees
  11 howler monkeys
  4 hounds
  3 orc priests
  A gnoll shaman (D:6)
  An iron imp (D:7)
  3 iguanas
  10 orc wizards
  A hell rat (D:11)
  18 gnolls
  7 adders
  2 river rats (D:11)
  A shadow imp (D:8)
  2 white imps
  A worm (D:3)
  3 dart slugs (D:2)
  31 orcs
  2 ball pythons
  6 bats
  13 endoplasms
  3 giant cockroaches
  4 goblins
  8 hobgoblins
  4 jackals (D:3)
  14 kobolds
  6 quokkas
  3 frilled lizards
  A hobgoblin zombie (D:7)
  2 orc skeletons (D:7)
  An orc zombie (D:7)
  6 rats
348 creatures vanquished.

Vanquished Creatures (collateral kills)
  A boulder beetle (D:12)
  A hydra (D:11)
  A two-headed ogre (D:8)
  2 yaks (D:12)
  An orc warrior (D:8)
  2 wights (D:7)
  An orc priest (Orc:1)
  2 orcs (Orc:1)
  A quokka (D:11)
  A hobgoblin zombie (D:7)
  A kobold skeleton (D:7)
  A kobold zombie (D:7)
  An orc skeleton (D:7)
  An orc zombie (D:7)
17 creatures vanquished.

Vanquished Creatures (others)
  A centaur simulacrum (D:11)
  A basilisk (D:12)
  15 fungi (D:6)
17 creatures vanquished.

Grand Total: 382 creatures vanquished

Notes
Turn   | Place    | Note
-------+----------+-------------------------------------------
     0 | D:1      | Lekart the Draconian Chaos Knight began the quest for the
                  | Orb.
     0 | D:1      | Reached XP level 1. HP: 19/19 MP: 1/1
   103 | D:1      | Reached XP level 2. HP: 27/27 MP: 2/2
   363 | D:1      | Noticed a shining eye
   365 | D:1      | Found a faded altar of an unknown god.
   366 | D:1      | Noticed an eye of devastation
   366 | D:1      | Noticed a golden eye
   366 | D:1      | Noticed a floating eye
  1059 | D:2      | Reached skill level 4 in Fighting
  1071 | D:2      | Found Gerr's Antique Weapon Shop.
  1082 | D:2      | Reached XP level 3. HP: 29/33 MP: 3/3
  1108 | D:2      | XOM: divination: detect items
  1553 | D:2      | XOM: 1-stop teleportation journey
  1898 | D:2      | XOM: silly message
  1961 | D:3      | XOM: silly message
  1967 | D:3      | XOM: silly message
  1968 | D:3      | XOM: silly message
  1971 | D:3      | Reached XP level 4. HP: 33/41 MP: 4/4
  1972 | D:3      | XOM: potion effect (heal wounds)
  2475 | D:3      | Found a runed translucent door.
  2476 | D:3      | Noticed Troll's ghost (amateur DsGl)
  2510 | D:3      | Reached skill level 5 in Fighting
  2582 | D:3      | Reached XP level 5. HP: 37/48 MP: 5/5
  3098 | D:3      | XOM is BORED!
  3110 | D:4      | XOM: divination: magic mapping
  3116 | D:4      | XOM: silly message
  3189 | D:4      | XOM: silly message
  3597 | D:4      | XOM: silly message
  3690 | D:5      | Entered Level 5 of the Dungeon
  3691 | D:5      | Noticed a steam dragon
  3721 | D:4      | XOM: silly message
  3799 | D:5      | Noticed a black bear
  3806 | D:5      | Killed a black bear
  3812 | D:5      | Reached XP level 6. HP: 37/57 MP: 6/6
  3920 | D:4      | XOM: noise
  3938 | D:5      | Reached skill level 6 in Fighting
  3973 | D:5      | Found a radiant altar of Vehumet.
  4099 | D:4      | XOM: silly message
  4135 | D:4      | XOM: fake destruction
  4527 | D:4      | XOM: divination: magic mapping
  4547 | D:4      | XOM: give mutations
  4547 | D:4      | Gained mutation: You passively map a small area around you.
                  | [Xom's grace]
  4547 | D:4      | Gained mutation: You have sharp toenails. [Xom's grace]
  4547 | D:4      | Gained mutation: You are agile. (Dex +2) [Xom's grace]
  4564 | D:5      | XOM: 3-stop teleportation journey
  4588 | D:5      | Found a hazy altar of Hepliaklqana.
  4589 | D:5      | XOM: potion effect (curing)
  4845 | D:4      | Killed a steam dragon
  4846 | D:4      | Your scales start taking on a lurid green colour.
  4846 | D:4      | Reached XP level 7. HP: 22/64 MP: 7/7
  4846 | D:4      | Gained mutation: Your system is resistant to poisons.
                  | (rPois) [Green Draconian growth]
  5036 | D:4      | XOM: give mutation
  5036 | D:4      | Gained mutation: Your skin changes colour to match your
                  | surroundings (Stealth+). [Xom's mischief]
  5073 | D:4      | XOM: divination: detect creatures
  5083 | D:5      | XOM: scenery: create altars
  5087 | D:4      | Reached skill level 7 in Fighting
  5177 | D:5      | Reached skill level 5 in Long Blades
  5364 | D:5      | XOM: scenery: create altars
  5367 | D:5      | XOM: god gift: mace {god gift}
  5661 | D:6      | Noticed Eustachio
  5669 | D:6      | XOM: cleaving
  5686 | D:6      | Killed Eustachio
  5699 | D:6      | Found a transporter.
  5713 | D:6      | Found a transporter.
  5714 | D:6      | Noticed stillor's ghost (novice OpTm)
  5728 | D:6      | Noticed Menkaure
  5743 | D:6      | Killed Menkaure
  5744 | D:6      | Reached skill level 8 in Fighting
  5744 | D:6      | Reached XP level 8. HP: 55/74 MP: 8/8
  5826 | D:6      | XOM: cloud trail
  5828 | D:6      | Noticed Grinder
  5831 | D:6      | Noticed Grinder
  5831 | D:6      | Grinder changed into Grinder the lemure
  5831 | D:6      | XOM: polymorph Grinder -> Grinder the lemure
  5838 | D:6      | Killed Grinder the lemure
  5871 | D:6      | XOM: give mutations
  5871 | D:6      | Lost mutation: You have sharp toenails. [Xom's grace]
  5871 | D:6      | Gained mutation: You have large cloven feet. [Xom's grace]
  5871 | D:6      | Gained mutation: Your spells are a little harder to cast,
                  | but a little more powerful. [Xom's grace]
  5871 | D:6      | Gained mutation: Your muscles are strong. (Str +2) [Xom's
                  | grace]
  5871 | D:6      | Gained mutation: You are very agile. (Dex +4) [Xom's grace]
  5893 | D:6      | XOM: give mutations
  5893 | D:6      | Gained mutation: Your muscles are very strong. (Str +4)
                  | [Xom's grace]
  5893 | D:6      | Gained mutation: Your flesh is cold resistant. (rC+) [Xom's
                  | grace]
  5893 | D:6      | Gained mutation: You have supernaturally acute eyesight.
                  | (SInv) [Xom's grace]
  6006 | D:6      | XOM: 1-stop teleportation journey
  6037 | D:6      | Noticed a shapeshifter
  6037 | D:6      | an orc changed into a shapeshifter
  6037 | D:6      | XOM: cleaving
  6037 | D:6      | Noticed an unseen horror
  6037 | D:6      | a shapeshifter changed into an unseen horror
  6039 | D:6      | XOM: cleaving
  6050 | D:6      | Killed an unseen horror
  6051 | D:6      | Reached skill level 9 in Fighting
  6051 | D:6      | Reached skill level 5 in Dodging
  6547 | D:6      | XOM: summons 5 hostile demons
  6762 | D:7      | Found a broken altar of Ashenzari.
  6825 | D:7      | XOM: silly message
  6827 | D:7      | XOM: noise
  6997 | D:6      | XOM: noise
  7197 | D:6      | Reached XP level 9. HP: 82/85 MP: 9/9
  7463 | D:7      | Reached skill level 10 in Fighting
  7483 | D:7      | XOM: summons 2 hostile shadow creatures
  7484 | D:7      | Noticed a deep elf pyromancer
  7786 | D:7      | XOM: cast spell 'Summon Small Mammal'
  7789 | D:7      | XOM: cleaving
  8260 | D:7      | Reached skill level 11 in Fighting
  8268 | D:7      | Found a glowing golden altar of the Shining One.
  8413 | D:7      | Found a staircase to the Ecumenical Temple.
  8524 | D:8      | XOM: noise
  8535 | D:8      | Noticed a two-headed ogre
  8551 | D:8      | Killed a two-headed ogre
  8725 | D:8      | Found a bloodstained altar of Trog.
  8737 | D:8      | Reached XP level 10. HP: 97/97 MP: 10/10
  8894 | D:8      | XOM: give mutations
  8894 | D:8      | Gained mutation: You are partially covered in large bone
                  | plates. (SH +4) [Xom's grace]
  8894 | D:8      | Gained mutation: You possess an exceptional clarity of
                  | mind. [Xom's grace]
  8894 | D:8      | Gained mutation: Your tail ends in a venomous barb. [Xom's
                  | grace]
  9126 | D:8      | XOM: divination: detect items
  9127 | D:8      | XOM: confuse monster(s)
  9145 | D:8      | Reached skill level 12 in Fighting
  9180 | D:8      | Found a hide-covered altar of Uskayaw.
  9206 | D:8      | You fall into a shaft and drop 1 floor!
  9288 | D:9      | XOM: silly message
  9430 | D:9      | XOM: silly message
  9468 | D:9      | XOM: divination: detect creatures
  9480 | D:9      | XOM: noise
  9485 | D:9      | Noticed a smoke demon
  9553 | D:9      | XOM: chaos upgrade
  9555 | D:9      | XOM: give mutations
  9555 | D:9      | Lost mutation: Your spells are a little harder to cast, but
                  | a little more powerful. [Xom's mischief]
  9555 | D:9      | Gained mutation: Your body sometimes deteriorates upon
                  | taking damage. [Xom's mischief]
  9764 | D:9      | XOM: divination: detect items
  9765 | D:9      | XOM: divination: detect creatures
  9769 | D:9      | XOM: divination: detect creatures
  9932 | D:9      | Reached skill level 1 in Shields
 10100 | D:10     | Entered Level 10 of the Dungeon
 10171 | D:10     | Reached skill level 13 in Fighting
 10194 | D:10     | XOM: 2-stop teleportation journey
 10237 | D:10     | XOM: give mutations
 10237 | D:10     | Lost mutation: You are partially covered in large bone
                  | plates. (SH +4) [Xom's mischief]
 10237 | D:10     | Lost mutation: You possess an exceptional clarity of mind.
                  | [Xom's mischief]
 10237 | D:10     | Lost mutation: Your tail ends in a venomous barb. [Xom's
                  | mischief]
 10448 | D:10     | XOM: blink monster(s)
 10600 | D:10     | Noticed a skeletal warrior
 10601 | D:10     | Noticed a skeletal warrior
 10602 | D:10     | Noticed a skeletal warrior
 10602 | D:10     | Noticed a skeletal warrior
 10615 | D:10     | XOM: cleaving
 10624 | D:10     | XOM: destruction
 10840 | D:13     | Noticed a cyclops
 10905 | D:12     | XOM: give mutations
 10905 | D:12     | Gained mutation: Your large and strong wings let you fly.
                  | [Xom's mischief]
 10905 | D:12     | Lost mutation: Your body sometimes deteriorates upon taking
                  | damage. [Xom's mischief]
 10905 | D:12     | Lost mutation: Your flesh is cold resistant. (rC+) [Xom's
                  | mischief]
 10927 | D:12     | Noticed a cyclops
 10938 | D:12     | Killed a cyclops
 10939 | D:12     | Reached XP level 11. HP: 87/107 MP: 11/11
 11017 | D:12     | XOM: enchant monster (good)
 11029 | D:12     | XOM: cleaving
 11070 | D:12     | XOM: 2-stop teleportation journey
 11145 | D:12     | Noticed a boulder beetle
 11158 | D:12     | XOM: scenery: summon butterflies
 11164 | D:12     | XOM: cast spell 'Summon Mana Viper'
 11171 | D:12     | Killed a boulder beetle
 11390 | D:12     | Noticed a two-headed ogre
 11399 | D:12     | Killed a two-headed ogre
 11406 | D:12     | XOM: cast spell 'Monstrous Menagerie'
 11417 | D:11     | XOM: enchant monster (good)
 11561 | D:11     | Found a staircase to the Lair.
 11561 | D:11     | Noticed a death yak
 11561 | D:11     | Noticed a death yak
 11561 | D:11     | Noticed a death yak
 11561 | D:11     | XOM: 2-stop teleportation journey
 11581 | D:11     | Noticed a wizard
 11582 | D:11     | Noticed an orc knight
 11610 | D:11     | Noticed a wizard
 11813 | D:11     | Noticed a catoblepas
 11813 | D:11     | a death yak changed into a catoblepas
 11813 | D:11     | XOM: polymorph death yak -> catoblepas
 11818 | D:11     | XOM: cast spell 'Summon Small Mammal'
 11902 | D:12     | XOM: enchant monster (good)
 11911 | D:12     | Reached skill level 5 in Shields
 11913 | D:12     | XOM: 4-stop teleportation journey
 12048 | D:12     | Noticed a two-headed ogre
 12050 | D:12     | XOM: enchant monster (bad)
 12052 | D:12     | XOM: confuse monster(s)
 12055 | D:12     | XOM: fog
 12066 | D:12     | Killed a two-headed ogre
 12117 | D:12     | XOM: divine lightning
 12355 | D:12     | Reached skill level 14 in Fighting
 12453 | D:12     | Noticed a two-headed ogre
 12456 | D:12     | XOM: fog
 12463 | D:12     | Killed a two-headed ogre
 12675 | D:12     | Got the Catalogue of Blistering Envenoming
 12763 | D:13     | Noticed a centaur warrior
 12848 | D:10     | XOM: cast spell 'Summon Ice Beast'
 13013 | D:10     | Found a shimmering altar of Xom.
 13025 | D:10     | Found a white marble altar of Elyvilon.
 13026 | D:10     | XOM: fog
 13027 | D:10     | XOM: summons friendly iron imp
 13032 | D:10     | XOM: destruction
 13066 | D:10     | Noticed a skeletal warrior
 13072 | D:10     | XOM: enchant monster (good)
 13155 | D:10     | Killed a skeletal warrior
 13262 | D:10     | XOM: enchant monster (good)
 13285 | D:10     | XOM: scenery: summon butterflies
 13288 | D:10     | XOM: destruction
 13291 | D:10     | XOM: enchant monster (bad)
 13293 | D:10     | XOM: enchant monster (good)
 13341 | D:11     | Found a staircase to the Orcish Mines.
 13446 | D:11     | XOM: god gift: glowing quarterstaff {god gift}
 13454 | Orc:1    | Entered Level 1 of the Orcish Mines
 13469 | Orc:1    | XOM: summons friendly white imp
 13483 | Orc:1    | Found Vapor's Book Shoppe.
 13550 | Orc:1    | XOM: enchant monster (good)
 13678 | Orc:1    | Noticed an orc knight
 13686 | Orc:1    | XOM: cast spell 'Summon Horrible Things'
 13865 | D:11     | XOM: silly message
 13916 | D:11     | XOM: summons 1 hostile shadow creature
 13925 | D:11     | Noticed a five-headed hydra
 13928 | D:11     | Noticed a fire dragon
 13944 | D:11     | Killed a ten-headed hydra
 13945 | D:11     | Reached XP level 12. HP: 24/118 MP: 12/12
 13960 | D:11     | XOM: noise
 13962 | D:11     | XOM: divination: magic mapping
 13967 | D:11     | XOM: potion effect (experience)
 13967 | D:11     | Reached skill level 10 in Shields
 13967 | D:11     | Reached XP level 13. HP: 28/125 MP: 13/13
 13968 | D:11     | XOM: enchant monster (good)
 13998 | D:11     | Found the +7 great mace "Firestarter" {inner flame, rF++}
 14014 | D:11     | XOM: divination: detect creatures
 14098 | D:11     | XOM: noise
 14322 | D:12     | XOM: summons friendly crimson imp
 14649 | D:13     | XOM: noise
 14675 | D:13     | Reached skill level 10 in Long Blades
 14778 | D:13     | Noticed Erolcha
 14797 | D:13     | Killed Erolcha
 14798 | D:13     | Reached skill level 15 in Fighting
 14826 | D:13     | XOM: confuse monster(s)
 15085 | D:11     | XOM: enchant monster (bad)
 15092 | D:11     | Reached skill level 1 in Maces & Flails
 15349 | D:10     | Found an iron altar of Okawaru.
 15366 | D:10     | Found an ancient bone altar of Kikubaaqudgha.
 15739 | D:11     | Killed a fire dragon
 16325 | D:8      | Found a shadowy altar of Dithmenos.
 16522 | D:8      | XOM: silly message
 16563 | D:8      | XOM: divination: detect creatures
 16624 | D:8      | XOM: butterfly on damage
 16626 | D:8      | Reached skill level 5 in Maces & Flails
 16767 | D:8      | XOM: god gift: scythe {god gift}
 16862 | D:8      | XOM: god gift: 3 atropa-tipped darts
 17020 | D:8      | XOM: enchant monster (bad)
 17540 | D:13     | XOM: confusion (+ monsters)
 17822 | D:13     | XOM: 1-stop teleportation journey
 17824 | D:13     | XOM: polymorph great orb of eyes -> slime creature
 17939 | D:13     | Paralysed by a floating eye for 3 turns
 17940 | D:13     | XOM: divination: detect creatures
 18016 | D:13     | XOM: silly message
 18261 | D:13     | Found Vomeot's General Store.
 18284 | D:13     | XOM: divination: detect items
 18479 | D:13     | XOM: divination: magic mapping
 18532 | D:13     | XOM: silly message
 18878 | D:13     | XOM: divination: magic mapping
 19303 | D:13     | Found a gate to the Vaults.
 19433 | D:13     | Reached skill level 10 in Maces & Flails
 19433 | D:13     | Gained mutation: Your tail ends in a venomous barb. [Green
                  | Draconian growth]
 19433 | D:13     | Reached XP level 14. HP: 84/135 MP: 14/14
 19663 | D:13     | XOM: divination: detect creatures
 19668 | D:13     | Slain by a phantasmal warrior

Illustrated notes

Levels and vault maps discovered:
D:1:      dpeg_arrival_signposts, layout_basic, serial_corexii_hall,
          chequers_hall_statues_y, corexii_hall_statues_deadend,
          hellmonk_ecumenical_altar_watching_god
D:2:      layout_rooms, serial_shops, nicolae_shop_crystal,
          minmay_misc_feat_room, nicolae_concentric_dashed_squares_mild
D:3:      layout_basic, ebering_ghost_reflecting_pool, kennysheep_nub,
          corexii_corridor_pit
D:4:      layout_loops_cross
D:5:      layout_cave_pools, overflow_temple_1_default,
          mainiacjoe_overflow_paths
D:6:      layout_loops_ring, serial_aquarium, aquarium_bridge_long_joined
          [aquarium_subvault_bridge, aquarium_subvault_balcony,
          aquarium_subvault_window, aquarium_subvault_wall,
          aquarium_subvault_wall, aquarium_subvault_bridge],
          aquarium_bridge_straight [aquarium_subvault_bridge,
          aquarium_subvault_wall, aquarium_subvault_bridge,
          aquarium_subvault_window], aquarium_window_1, aquarium_window_fake,
          aquarium_view_2c, aquarium_view_2c, aquarium_pool_double,
          gammafunk_ghost_stat_death, uniq_menkaure, uniq_eustachio,
          uniq_grinder
D:7:      layout_rooms, nicolae_tso_besieged_by_evil, old_standard_altar,
          minmay_temple_entry_metal_lava, nicolae_elevator_lobby_asterisk
D:8:      minmay_chambers_of_sevens, layout_layer_cave,
          nicolae_dithmenos_through_a_glass_darkly, trog_butcher_becter,
          general_overflow_altar
D:9:      layout_roguey
D:10:     layout_rooms, nicolae_overflow_quartered_altars, minmay_misc_feat_tiny
D:11:     minmay_firetagon, layout_rooms, dpeg_lair_monsters, orc_0_dummy,
          chequers_serial_rivers_micro_d, minivault_12
D:12:     layout_grid_maze
D:13:     hellmonk_paralyzer, layout_loops_cross, grunt_vaults_entry_tiered,
          serial_shops, shop, uniq_erolcha
D:14:     minmay_diamond_stairs, layout_irregular_city, xom_teletrap_fun,
          uniq_azrael
Orc:1:    layout_diamond_mine, serial_shops, shop

Skill      XL: |  1  2  3  4  5  6  7  8  9 10 11 12 13 |
---------------+----------------------------------------+-----
Fighting       | 4 5 6 8 9 11 13 14 15 | 15.0
Dodging        | 3 4 5 6 7 8 9 |  9.1
Long Blades    | 4 5 6 7 8 9 10 | 10.1
Shields        | 3 6 10 11 | 11.2
Maces & Flails | 10 | 10.2

Action                   |  1- 3 |  4- 6 |  7- 9 | 10-12 | 13-15 || total
-------------------------+-------+-------+-------+-------+-------++-------
Melee: Falchion          |   106 |   141 |   259 |       |       ||   506
       Tailslap          |     4 |    18 |    53 |    76 |    41 ||   192
       Punch             |       |     1 |     5 |     2 |       ||     8
       Long sword        |       |       |    58 |   451 |    59 ||   568
       Great mace        |       |       |       |       |   155 ||   155
Throw: Throwing net      |       |       |       |     3 |       ||     3
       Javelin           |       |       |       |     2 |     2 ||     4
 Abil: Breathe Noxious F |       |       |    10 |    10 |     4 ||    24
Evoke: Piece from Xom's  |       |     8 |     6 |    18 |     4 ||    36
       Wand              |       |       |    10 |    18 |       ||    28
  Use: Scroll            |     8 |     5 |     7 |    10 |     6 ||    36
       Potion            |     1 |     4 |     2 |     1 |     2 ||    10
 Stab: Paralysed         |       |     3 |       |     1 |       ||     4
       Sleeping          |       |     2 |     2 |     3 |     2 ||     9
       Confused          |       |       |     6 |     6 |     1 ||    13
       Petrifying        |       |       |     4 |       |       ||     4
       Petrified         |       |       |     1 |       |       ||     1
Armor: Skin              |    53 |    55 |   129 |   163 |    93 ||   493
Dodge: Dodged            |    71 |   120 |   280 |   343 |   196 ||  1010
Block: Kite shield       |       |       |       |   292 |    68 ||   360
       Other             |       |       |       |    14 |       ||    14

Table legend: (Time is in decaauts)
 A = Elapsed time spent in this place.
 B = Non-inter-level travel time spent in this place.
 C = Inter-level travel time spent in this place.
 D = Time resting spent in this place.
 E = Time spent auto-exploring this place.
 F = Levels seen in this place.
 G = Mean time per level.
                   A        B        C        D        E       F      G
               +--------+--------+--------+--------+--------+-----+--------+
         Total |  19841 |  19297 |    544 |   6686 |   8687 |  15 | 1322.7 |
       Dungeon |  19584 |  19040 |    544 |   6686 |   8535 |  14 | 1398.9 |
  Orcish Mines |    257 |    257 |      0 |      0 |    152 |   1 |  257.0 |
               +--------+--------+--------+--------+--------+-----+--------+

Top non-repeatable levels by time:
    D:13: 2348 daAuts
     D:8: 2201 daAuts
    D:12: 2199 daAuts
     D:6: 1686 daAuts
    D:11: 1640 daAuts
    D:10: 1635 daAuts
     D:4: 1462 daAuts
     D:3: 1350 daAuts
     D:7: 1185 daAuts
     D:1: 1056 daAuts
     D:2: 1051 daAuts
     D:9: 962 daAuts
     D:5: 781 daAuts
   Orc:1: 257 daAuts
    D:14: 23 daAuts
